 Dungeon Crawl Stone Soup version 0.27.1-34-g3ba077fa99 (webtiles) character file.

Game seed: 6941661838679246304

67 iwittbrodt the Magician (level 3, -1/29 HPs)
             Began as a Draconian Hedge Wizard on Jan 17, 2022.
             Slain by Grinder (2 damage)
             ... while paralysed by Grinder
             ... on level 2 of the Dungeon.
             The game lasted 00:12:19 (3307 turns).

iwittbrodt the Magician (Draconian Hedge Wizard)    Turns: 3307, Time: 00:12:19

Health: -1/29      AC:  5    Str: 12    XL:     3   Next: 98%
Magic:  1/7        EV:  2    Int: 15    God:
Gold:   70         SH:  0    Dex: 10    Spells: 0/8 levels left

rFire    . . .     SeeInvis .   a - +0 dagger
rCold    . . .     Faith    .   (no shield)
rNeg     . . .     Spirit   .   (armour unavailable)
rPois    .         Reflect  .   b - +0 hat
rElec    .         Harm     .   (no cloak)
rCorr    .         Rampage  .   (no gloves)
Will     .....                  (no boots)
Stlth    ++........             (no amulet)
HPRegen  0.09/turn              (no ring)
MPRegen  0.10/turn              (no ring)

@: paralysed
A: AC +5, unfitting armour, cold-blooded
a: no special abilities


You were on level 2 of the Dungeon.
You visited 1 branch of the dungeon, and saw 3 of its levels.

You collected 70 gold pieces.

Inventory:

Hand Weapons
 a - a +0 dagger (weapon)
 o - a +0 hunting sling
Missiles
 e - 90 stones
 f - 18 poisoned darts
 g - 18 sling bullets
Armour
 b - a +0 hat (worn)
Scrolls
 c - a scroll of noise {unknown}
 d - a scroll of identify {unknown}
 h - a scroll of blinking {unknown}
 i - a scroll of vulnerability {unknown}
 j - a scroll of enchant weapon {unknown}
 k - a scroll of brand weapon {unknown}
 m - a scroll of immolation {unknown}
Potions
 l - a potion of might {unknown}
 n - a potion of berserk rage {unknown}


   Skills:
 * Level 2.3 Fighting
 - Level 1.7 Dodging
 - Level 2.4 Stealth
 + Level 3.4 Spellcasting
 + Level 1.8 Conjurations
 + Level 1.0 Summonings
 - Level 1.0 Translocations


You couldn't memorise any spells.
You knew the following spells:

 Your Spells              Type           Power      Damage    Failure   Level
a - Magic Dart            Conj           32%        1d4       9%          1
b - Call Imp              Summ           5%         N/A       19%         2
c - Blink                 Tloc           N/A        N/A       19%         2
d - Mephitic Cloud        Conj/Pois/Air  4%         N/A       41%         3

Your spell library contained the following spells:

 Spells                   Type           Power      Damage    Failure   Level
 Slow                     Hex            2%         N/A       28%         2
 Conjure Flame            Conj/Fire      5%         6-21      36%         3


Dungeon Overview and Level Annotations

Branches:
Dungeon (3/15)

Altars:

Annotations:
D:2 Grinder


Innate Abilities, Weirdness & Mutations

Your plain brown scales are hard. (AC +5)
You cannot fit into any form of body armour.
You are cold-blooded and may be slowed by cold attacks.


Message History

Confirm with . or Enter, or press ? or * to list all spells.
A shadowy apparition takes form in the air.
Grinder blinks!
Casting: Call Imp (safe; 19% risk of failure)
Confirm with . or Enter, or press ? or * to list all spells.
You miscast Call Imp.
You are very lightly contaminated with residual magic.
Nothing appears to happen.
Casting: Call Imp (safe; 19% risk of failure)
Confirm with . or Enter, or press ? or * to list all spells.
A beastly little devil appears in a puff of flame.
Your shadow imp hits Grinder but does no damage.
Casting: Call Imp (safe; 19% risk of failure)
Confirm with . or Enter, or press ? or * to list all spells.
You don't have enough magic to cast this spell.
Casting: Call Imp (safe; 19% risk of failure)
Confirm with . or Enter, or press ? or * to list all spells.
Aiming: Magic Dart (safe; 9% risk of failure)
Press: ? - help, Shift-Dir - straight line, f - Grinder
Aim: Grinder (ally target, 100% to hit)
The magic dart hits Grinder but does no damage.
Your crimson imp hits Grinder but does no damage.
You swap places.
Grinder hits you!
You writhe in agony.
Your shadow imp barely misses Grinder.
Your crimson imp barely misses Grinder.
You see here an adder skeleton.
Grinder closely misses you.
Your shadow imp closely misses Grinder.
Your crimson imp blinks!
Grinder closely misses you.
Your shadow imp barely misses Grinder.
Your crimson imp blinks!
Grinder gestures at you.
You suddenly lose the ability to move!
Your shadow imp barely misses Grinder.
Your shadow imp closely misses Grinder.
Your magical contamination has completely faded away.
Grinder hits you.
You writhe in agony.
* * * LOW HITPOINT WARNING * * *
Your shadow imp hits Grinder but does no damage.
Grinder hits you.
* * * LOW HITPOINT WARNING * * *
You writhe in agony.
You die...

......# ####...#
#........# ....>.#
#...# #........#
......# #...#
######.### #.#####
#...# #.# #.# #.###
#.# #.####
######.##### #.#
.....# #..........#
###
.....###......5...#
.[..............@.#
.....#######...55.#
.....# #......#
.....# #....รท>#
###### ########


You could see Grinder (ally target), a friendly crimson imp (summoned) and a
friendly shadow imp (summoned).

Vanquished Creatures
  2 adders (D:2)
  3 endoplasms
  3 giant cockroaches
  4 goblins
  7 hobgoblins
  A jackal (D:3)
  3 quokkas (D:1)
  3 ball pythons (D:1)
  5 bats
  5 frilled lizards
  3 kobolds (D:2)
  7 rats (D:1)
46 creatures vanquished.

Notes
Turn   | Place    | Note
-------+----------+-------------------------------------------
     0 | D:1      | iwittbrodt the Draconian Hedge Wizard began the quest for
                  | the Orb.
     0 | D:1      | Reached XP level 1. HP: 14/14 MP: 4/4
   394 | D:1      | Reached skill level 1 in Fighting
   643 | D:1      | Reached XP level 2. HP: 23/23 MP: 0/6
  1269 | D:1      | Found a faded altar of an unknown god.
  1368 | D:1      | Reached XP level 3. HP: 29/29 MP: 3/7
  2815 | D:3      | Noticed Grinder
  3263 | D:2      | Learned a level 2 spell: Call Imp
  3266 | D:2      | Learned a level 2 spell: Blink
  3270 | D:2      | Learned a level 3 spell: Mephitic Cloud
  3304 | D:2      | Paralysed by Grinder for 5 turns
  3307 | D:2      | HP: 1/29 [Grinder (3)]
  3307 | D:2      | Slain by Grinder

Illustrated notes

Levels and vault maps discovered:
D:1:      minmay_arrival_checkered_box, layout_basic,
          shapermc_ecumenical_altar_mp_vishouse, grunt_decor_arrowhead,
          eino_curves_02, minmay_tetromino_t2
D:2:      layout_basic
D:3:      layout_rooms, nrook_uturn, uniq_grinder

Skill      XL: |  1  2  3 |
---------------+----------+-----
Fighting       | 1 2 |  2.3
Stealth        | 2 |  2.4
Dodging        | |  1.7
Spellcasting   | |  3.4
Conjurations   | |  1.8
Summonings     | |  1.0
Translocations | |  1.0

Action                   || total
-------------------------++-------
Melee: Dagger            ||    41
       Tailslap          ||     2
 Cast: Magic Dart        ||   101
       Call Imp          ||     3
 Stab: Sleeping          ||     1
Armor: Skin              ||    23
Dodge: Dodged            ||    51
